 Dungeon Sprint DCSS version 0.22-a0-377-g846bec1 (webtiles) character file.

451 emperorscorpion the Covert (level 6, -1/44 HPs)
             Began as a Vampire Enchanter on Apr 28, 2018.
             Was a Believer of Uskayaw.
             Slain by a hippogriff (7 damage)
             ... in the Dungeon (Sprint IX: "|||||||||||||||||||||||||||||").
             The game lasted 00:02:46 (238 turns).

emperorscorpion the Covert (Vampire Enchanter)       Turns: 238, Time: 00:02:47

Health: -1/44      AC:  5    Str:  7    XL:     6   Next: 75%
Magic:  0/14       EV: 14    Int: 21    God:    Uskayaw [**....]
Gold:   0          SH:  0    Dex: 16    Spells: 9/15 levels left

rFire    . . .     SeeInvis +   a - +2 rapier (distort)
rCold    . . .     Gourm    .   (no shield)
rNeg     . . .     Faith    .   b - +0 robe
rPois    .         Spirit   .   n - +0 helmet
rElec    .         Reflect  .   (no cloak)
rCorr    .         Harm     .   (no gloves)
MR       .....     NoTele   +   (no boots)
Stlth    +++++.....             (no amulet)
HPRegen  0.34/turn              q - +2 ring of protection
MPRegen  0.14/turn              r - +3 ring of intelligence

@: regenerating quickly
A: fangs 3, see invisible, unbreathing
a: Stomp, Line Pass, Renounce Religion


You were in the Dungeon.
You worshipped Uskayaw.
Uskayaw was noncommittal.
You were full.

You visited 1 branch

Inventory:

Hand Weapons
 a - a +2 rapier of distortion (weapon)
 m - a +1 dagger
Armour
 b - a +0 robe (worn)
 n - a +0 helmet (worn)
 o - a +0 cloak
 p - a +1 chain mail
Magical Staves
 l - an uncursed staff of energy
Jewellery
 q - a +2 ring of protection (left hand)
 r - a +3 ring of intelligence (right hand)
Wands
 k - a wand of acid (8)
Scrolls
 d - 3 scrolls of remove curse
 i - 2 scrolls of amnesia
 j - 2 scrolls of blinking
Potions
 c - a potion of invisibility
 e - 4 potions of curing
 f - 3 potions of heal wounds
 g - a potion of haste
 h - 3 potions of magic


   Skills:
 + Level 2.2 Fighting
 + Level 5.6 Short Blades
 + Level 4.2 Dodging
 + Level 12.5 Stealth
 + Level 5.4 Spellcasting
 + Level 11.8 Hexes
 + Level 2.9 Ice Magic


You had 9 spell levels left.
You knew the following spells:

 Your Spells              Type           Power        Failure   Level  Hunger
a - Corona                Hex            ######.      1%          1    None
b - Ensorcelled Hibernat  Hex/Ice        #####.       1%          2    None
c - Dazzling Spray        Conj/Hex       ####..       2%          3    ##.....


Dungeon Overview and Level Annotations

Branches:
Dungeon (1/1)

Altars:
Cheibriados
Dithmenos
Elyvilon
Fedhas
Gozag
Hepliaklqana
Kikubaaqudgha
Makhleb
Nemelex Xobeh
Okawaru
Qazlal
Ru
Sif Muna
Trog
Uskayaw
Vehumet
Wu Jian
Xom
Yredelemnul
Zin
The Shining One
Beogh
Jiyva
Lugonu


Innate Abilities, Weirdness & Mutations

Your natural rate of healing is unusually fast.
You have razor-sharp teeth.
You have supernaturally acute eyesight. (SInv)
You can survive without breathing.


Message History

You feel sick.
Items here: ))))) a +2 scimitar of holy wrath; a +4 quarterstaff of speed; a +2 halberd of venom a +2 dire flail of protection; a +1 broad axe of freezing You feel sick.
You feel sick.
You feel sick.
You feel sick.
There is an open door here.
Casting: Ensorcelled Hibernation (safe; 1% risk of failure)
Confirm with . or Enter, or press ? or * to list all spells.
Aiming: Ensorcelled Hibernation (safe; 1% risk of failure)
Press: ? - help, Shift-Dir - straight line, f - hippogriff
Aim: a hippogriff (severely wounded, covered in acid, chance to defeat MR: 60%)
The hippogriff resists with significant effort.
You feel sick.
You feel better. The hippogriff misses you. The hippogriff pecks you.
* * * LOW HITPOINT WARNING * * *
The hippogriff claws you!
You die... ▓▓▓▓▓▓▓▓▓▓▓▓▓▓▓▓▓▓▓▓▓▓▓▓▓▓▓▓▓▓▓▓▓ .....†'.....)..H@________________ ▓▓▓▓▓▓▓▓▓▓▓▓▓▓▓▓▓▓▓▓▓▓▓▓▓▓▓▓▓▓▓▓▓

You could see a hippogriff.

Vanquished Creatures
  A water moccasin (D)
  A sky beast (D)
  A necrophage (D)
  2 scorpions (D)
  An orc wizard (D)
  A worker ant (D)
  An ooze (D)
  A dart slug (D)
  A leopard gecko (D)
  A goblin (D)
  2 hobgoblins (D)
  A quokka (D)
  A quokka zombie (D)
15 creatures vanquished.

Notes
Turn   | Place    | Note
-------+----------+-------------------------------------------
     0 | D        | emperorscorpion the Vampire Enchanter began the quest for the Orb.
     0 | D        | Reached XP level 1. HP: 13/13 MP: 3/3
    10 | D        | Reached skill level 5 in Stealth
    10 | D        | Reached skill level 5 in Hexes
    22 | D        | Reached XP level 2. HP: 7/19 MP: 5/5
    29 | D        | Learned a level 2 spell: Ensorcelled Hibernation
    62 | D        | Noticed a sky beast
    62 | D        | Noticed a scorpion
    64 | D        | Killed a scorpion
    64 | D        | Reached skill level 7 in Stealth
    64 | D        | Reached XP level 3. HP: 19/25 MP: 5/7
    68 | D        | Reached skill level 8 in Stealth
    87 | D        | Killed a sky beast
    87 | D        | Reached skill level 1 in Fighting
    87 | D        | Reached skill level 9 in Stealth
    87 | D        | Reached skill level 1 in Ice Magic
    87 | D        | Reached XP level 4. HP: 19/32 MP: 4/9
    87 | D        | Reached XP level 5. HP: 22/37 MP: 4/10
    92 | D        | Learned a level 3 spell: Dazzling Spray
   154 | D        | Reached skill level 10 in Stealth
   154 | D        | Reached skill level 10 in Hexes
   158 | D        | Found a roughly hewn altar of Beogh.
   158 | D        | Found a snail-covered altar of Cheibriados.
   158 | D        | Found a shadowy altar of Dithmenos.
   158 | D        | Found a white marble altar of Elyvilon.
   158 | D        | Found a blossoming altar of Fedhas.
   158 | D        | Found an opulent altar of Gozag.
   159 | D        | Found a hazy altar of Hepliaklqana.
   160 | D        | Found a viscous altar of Jiyva.
   161 | D        | Found an ancient bone altar of Kikubaaqudgha.
   162 | D        | Found a corrupted altar of Lugonu.
   163 | D        | Found a burning altar of Makhleb.
   164 | D        | Found a sparkling altar of Nemelex Xobeh.
   165 | D        | Found an iron altar of Okawaru.
   166 | D        | Found a stormy altar of Qazlal.
   167 | D        | Found a sacrificial altar of Ru.
   168 | D        | Found a deep blue altar of Sif Muna.
   169 | D        | Found a bloodstained altar of Trog.
   170 | D        | Found a hide-covered altar of Uskayaw.
   171 | D        | Found a radiant altar of Vehumet.
   172 | D        | Found an ornate altar of the Wu Jian Council.
   173 | D        | Found a shimmering altar of Xom.
   174 | D        | Found a basalt altar of Yredelemnul.
   175 | D        | Found a glowing silver altar of Zin.
   176 | D        | Found a glowing golden altar of the Shining One.
   178 | D        | Became a worshipper of Uskayaw the Reveler
   214 | D        | Noticed a hippogriff
   214 | D        | Noticed a necrophage
   214 | D        | Noticed a water moccasin
   216 | D        | Reached * piety under Uskayaw
   220 | D        | Reached skill level 11 in Stealth
   220 | D        | Reached ** piety under Uskayaw
   223 | D        | Killed a water moccasin
   223 | D        | Reached skill level 5 in Short Blades
   223 | D        | Reached skill level 12 in Stealth
   223 | D        | Reached skill level 5 in Spellcasting
   223 | D        | Reached XP level 6. HP: 21/44 MP: 0/13
   223 | D        | Reached *** piety under Uskayaw
   225 | D        | Reached **** piety under Uskayaw
   238 | D        | Slain by a hippogriff

Vault maps used:
D:        linesprint

Skill      XL: |  1  2  3  4  5  6 |
---------------+-------------------+-----
Stealth        | 5 7 9 12 | 12.5
Hexes          | 6 7 9 11 | 11.8
Short Blades   | 2 3 5 |  5.6
Dodging        | 3 4 |  4.2
Spellcasting   | 3 5 |  5.4
Fighting       | 1 2 |  2.2
Ice Magic      | 1 2 |  2.9

Action                   |  1- 3 |  4- 6 || total
-------------------------+-------+-------++-------
Melee: Dagger            |    18 |     8 ||    26
       Bite              |     3 |     2 ||     5
       Rapier            |       |     4 ||     4
 Cast: Ensorcelled Hiber |     5 |     6 ||    11
       Dazzling Spray    |       |     3 ||     3
Evoke: Wand              |       |     2 ||     2
  Use: Potion            |     6 |     1 ||     7
 Stab: Sleeping          |     4 |     3 ||     7
       Paralysed         |       |     1 ||     1
Armor: Robe              |     2 |       ||     2
Dodge: Dodged            |     5 |     5 ||    10

Table legend:
 A = Spawn XP
 B = Non-spawn XP
 C = Spawn XP percentage of total XP
 D = Spawn monster count
 E = Non-spawn monster count
 F = Spawn count percentage of total count
 G = Total turns spent on level
                    A         B        C        D         E        F      G
               +---------+---------+-------+---------+---------+-------+---------
         Total |       0 |     645 |   0.0 |       0 |      15 |   0.0 |   238
               +---------+---------+-------+---------+---------+-------+---------
             D |       0 |     645 |   0.0 |       0 |      15 |   0.0 |   238
               +---------+---------+-------+---------+---------+-------+---------
